AoeStats
← [Massa] Edo

African Clearing

510676709Analyzed
2v2 RM · 23h ago on Oct 2, 2026· 30m 38s· 4 players
Game mode
Random Map
Map size
Medium (4 player)
Population
200
Speed
Normal
Resources
Standard
Victory
Conquest
Starting age
Dark Age
Ending age
Imperial Age
RankedLock teamsTeams togetherTeam positionsShared explorationLock speedFull tech treeHidden civsTurbo modeCheats
Victory
Defeat
🇺🇸 Jurchens · United States
1444
+15
🇺🇸 Khmer · United States
1371
+18
🇧🇷 Varangians · Brazil
1419
-17
🇧🇷 Italians · Brazil
1415
-16
GreatPerson25
8:37 Loom
11:04 Feudal Age
11:41 Double-Bit Axe
11:52 Loom
17:14 Bloodlines
17:31 Horse Collar
24:47 Scale Barding Armor
24:52 Forging
25:22 Forging
29:23 Castle Age
29:27 Light Cavalry
30:08 Husbandry
30:53 Chain Barding Armor
bobross
5:34 Loom
11:31 Feudal Age
13:36 Double-Bit Axe
19:23 Castle Age
19:50 Crossbowman
22:15 Crossbowman
24:25 Fletching
24:49 Bow Saw
[Massa] Edo
12:13 Feudal Age
12:51 Loom
16:59 Castle Age
17:04 Double-Bit Axe
18:56 Fletching
25:52 Ballistics
26:31 Bodkin Arrow
26:43 Horse Collar
27:27 Padded Archer Armor
28:13 Scale Barding Armor
tg
10:07 Loom
12:16 Feudal Age
13:42 Double-Bit Axe
13:41 Horse Collar
17:15 Forging
20:39 Bloodlines
Connection lost

Rejoining the realm…

Still unreachable

The connection could not be restored.

Session expired

The server has moved on; the page needs a fresh start.